 Dungeon Crawl Stone Soup version 0.28-a0-1555-g9ae15a6949 (webtiles) character file.

Game seed: 13152128118068062773

326 riojii the Insei (level 6, 0/39 HPs)
             Began as an Octopode Transmuter on Jan 18, 2022.
             Slain by a gnoll (5 damage)
             ... on level 4 of the Dungeon.
             The game lasted 00:05:29 (3848 turns).

riojii the Insei (Octopode Transmuter)              Turns: 3848, Time: 00:05:30

Health: 0/39       AC:  2    Str:  9    XL:     6   Next: 49%
Magic:  7/10       EV: 18    Int: 16    God:
Gold:   143        SH:  0    Dex: 25    Spells: 6/10 levels left

rFire   . . .      SeeInvis +     - Unarmed
rCold   + . .      Faith    .   (shield currently unavailable)
rNeg    . . .      Spirit   .   (helmet currently unavailable)
rPois   x          Reflect  .   (no amulet)
rElec   .          Harm     .   d - ring of Qeot {rC+ rCorr Dex+6 Slay+2 SInv}
rCorr   +          Rampage  .   (no ring)
Will    .....                   (no ring)
Stlth   ++........              (no ring)
HPRegen 0.13/turn               (no ring)
MPRegen 0.12/turn               (no ring)
                                (no ring)
                                (no ring)

@: spider-form, constricted, invisible
A: venomous fangs, almost no armour, (amphibious), 8 rings, tiny, (camouflage
1), (gelatinous body 1), (nimble swimmer 1), (tentacles)
a: End Transformation


You were on level 4 of the Dungeon.
You were a venomous arachnid creature.
You visited 1 branch of the dungeon, and saw 4 of its levels.

You collected 143 gold pieces.

Inventory:

Jewellery
 d - the ring of Qeot (left front leg) {rC+ rCorr Dex+6 Slay+2 SInv}
   (You acquired it on level 3 of the Dungeon)

   [ring of dexterity]

   Dex:       It affects your dexterity (+6).
   Slay:      It affects your accuracy & damage with ranged weapons and melee
   (+2).
   rC:        It protects you from cold.
   SInv:      It lets you see invisible.
   rCorr:     It protects you from acid and corrosion.
Wands
 f - a wand of digging (5)
 h - a wand of flame (19)
Scrolls
 b - a scroll of magic mapping
 i - a scroll of teleportation {unknown}
 k - a scroll of identify
 l - a scroll of enchant armour
Potions
 c - a potion of attraction {unknown}
 e - a potion of curing {unknown}
 g - a potion of flight {unknown}
 j - a potion of ambrosia {unknown}


   Skills:
 + Level 2.2 Fighting
 + Level 2.9 Dodging
 * Level 4.4 Unarmed Combat
 + Level 2.8 Spellcasting
 * Level 3.7 Transmutations
 - Level 2.0 Poison Magic


You had 6 spell levels left.
You knew the following spells:

 Your Spells              Type           Power      Damage    Failure   Level
a - Beastly Appendage     Tmut           28%        N/A       13%         1
b - Spider Form           Tmut/Pois      11%        N/A       36%         3

Your spell library contained the following spells:

 Spells                   Type           Power      Damage    Failure   Level
 Wereblood                Tmut           14%        N/A       17%         2
 Passwall                 Tmut/Erth      6%         N/A       32%         2
 Sandblast                Erth           4%         2d4       38%         1
 Stone Arrow              Conj/Erth      4%         3d7       71%         3
 Ice Form                 Ice/Tmut       8%         N/A       83%         4
 Chain Lightning          Conj/Air       1%         3d1       100%        9
 Fire Storm               Conj/Fire      1%         7d1       100%        9
 Shatter                  Erth           1%         3d5*      100%        9


Dungeon Overview and Level Annotations

Branches:
Dungeon (4/15)
 Temple: D:4-7

Altars:
Elyvilon
Qazlal
Ru


Innate Abilities, Weirdness & Mutations

You are a venomous arachnid creature.
You have poisonous fangs.
You are tiny and dextrous.
Your spellcasting is less reliable in this form.
Your armour is entirely melded.
You are incapable of wielding weapons or throwing items.
You cannot wear most types of armour.
((You are amphibious.))
You can wear up to eight rings at the same time.
((Your skin changes colour to match your surroundings (Stealth+).))
((Your rubbery body absorbs attacks. (AC +1, EV +1)))
((You are camouflaged when in or above water. (Stealth+)))
((You have tentacles for arms and can constrict up to eight enemies at once.))


Message History

The gnoll misses you.
You hit the gnoll but do no damage.
The gnoll is severely wounded.
The gnoll misses you.
You barely miss the gnoll.
The gnoll is severely wounded.
The gnoll misses you.
You hit the gnoll.
You kill the gnoll!
You hit the gnoll.
The gnoll is moderately wounded.
Your transformation has ended.
The gnoll hits you with a +0 club. The gnoll misses you.
You tentacle-slap the gnoll. Your grab misses the gnoll.
Your squeeze misses the gnoll.
The gnoll is heavily wounded.
The gnoll hits you with a +0 club.
* * * LOW HITPOINT WARNING * * *
The gnoll barely misses you.
There is a stone staircase leading up here.
The gnoll hits you with a +0 club.
* * * LOW HITPOINT WARNING * * *
The ball python misses you. The ball python grabs you.
You stop ascending the stairs.
The ball python constricts you.
* * * LOW HITPOINT WARNING * * *
Unknown command.
You fade into invisibility!
The gnoll closely misses you. x2; The ball python barely misses you.
The ball python constricts you.
* * * LOW HITPOINT WARNING * * *
Casting: Spider Form (quite dangerous; 17% risk of failure)
Confirm with . or Enter, or press ? or * to list all spells.
The spell is quite dangerous to miscast (17% risk of failure)!
Continue anyway?
You turn into a venomous arachnid creature.
The gnoll closely misses you. The gnoll completely misses you.
The ball python closely misses you. The ball python constricts you.
You hit the gnoll.
The gnoll is poisoned.
The gnoll is severely wounded.
The gnoll hits you from afar with a +0 spear.
You die...

##.......## #.........#
###########.........#
....................#
###....####.........#
####.####.........##
#....#...(......###
####.#............. ####
#.......s....... ...#
###....Sg....... ...##
#....g....#..#
....#######.............
........................
...####.................
...# #..........#.####.
.. ...# #............#
#.. ...####......#.##.##
#.#. #..


You could see 2 gnolls and a ball python.

Vanquished Creatures
  A black bear (D:4)
  A scorpion (D:3)
  A hound (D:4)
  5 gnolls (D:4)
  3 adders
  A worm (D:3)
  An orc (D:2)
  6 endoplasms
  3 giant cockroaches
  5 goblins
  8 hobgoblins
  2 kobolds (D:1)
  3 quokkas
  7 ball pythons
  8 bats
  6 frilled lizards
  11 rats
72 creatures vanquished.

Notes
Turn   | Place    | Note
-------+----------+-------------------------------------------
     0 | D:1      | riojii the Octopode Transmuter began the quest for the Orb.
     0 | D:1      | Reached XP level 1. HP: 13/13 MP: 3/3
   279 | D:1      | Reached XP level 2. HP: 18/18 MP: 3/5
  1252 | D:2      | Reached XP level 3. HP: 23/23 MP: 4/6
  1256 | D:2      | Learned a level 3 spell: Spider Form
  1727 | D:2      | Reached skill level 1 in Poison Magic
  1734 | D:2      | Found a faded altar of an unknown god.
  1835 | D:2      | Reached XP level 4. HP: 28/28 MP: 7/7
  2966 | D:3      | Noticed a scorpion
  2974 | D:3      | Killed a scorpion
  2975 | D:3      | Reached XP level 5. HP: 17/34 MP: 6/8
  3192 | D:3      | Identified a scroll of acquirement
  3192 | D:3      | Acquired the ring of Qeot {rC+ rCorr Dex+6 Slay+2 SInv}
  3249 | D:4      | Found a stormy altar of Qazlal.
  3249 | D:4      | Found a white marble altar of Elyvilon.
  3250 | D:4      | Found a sacrificial altar of Ru.
  3271 | D:4      | Noticed a black bear
  3286 | D:4      | Killed a black bear
  3287 | D:4      | Reached skill level 4 in Unarmed Combat
  3287 | D:4      | Reached XP level 6. HP: 9/39 MP: 6/10
  3848 | D:4      | Slain by a gnoll

Illustrated notes

Levels and vault maps discovered:
D:1:      ncdulo_wetmaze, layout_loops_ring
D:2:      layout_basic, hellmonk_ecumenical_altar_slurped_away,
          grunt_ministairs_2
D:3:      layout_basic, kennysheep_generic_room_6
D:4:      layout_rooms, grunt_temple_overflow_open

Skill      XL: |  1  2  3  4  5 |
---------------+----------------+-----
Poison Magic   | 1 2 |  2.0
Transmutations | 3 |  3.7
Fighting       | 2 |  2.2
Unarmed Combat | 4 |  4.4
Dodging        | |  2.9
Spellcasting   | |  2.8

Action                   |  1- 3 |  4- 6 || total
-------------------------+-------+-------++-------
Melee: Unarmed           |    69 |    89 ||   158
       Constrict         |    25 |    15 ||    40
       Tentacles         |    11 |    11 ||    22
       Punch             |     2 |     3 ||     5
       Kick              |    22 |    16 ||    38
 Cast: Beastly Appendage |    26 |    17 ||    43
       Spider Form       |       |     4 ||     4
  Use: Potion            |     2 |     1 ||     3
       Scroll            |       |     5 ||     5
 Stab: Sleeping          |     8 |     8 ||    16
Armor: Skin              |     3 |     1 ||     4
Dodge: Dodged            |    42 |    76 ||   118

Table legend: (Time is in decaauts)
 A = Elapsed time spent in this place.
 B = Non-inter-level travel time spent in this place.
 C = Inter-level travel time spent in this place.
 D = Time resting spent in this place.
 E = Time spent auto-exploring this place.
 F = Levels seen in this place.
 G = Mean time per level.
                   A        B        C        D        E       F      G
               +--------+--------+--------+--------+--------+-----+--------+
         Total |   3837 |   3742 |     95 |    118 |   3026 |   4 |  959.2 |
       Dungeon |   3837 |   3742 |     95 |    118 |   3026 |   4 |  959.2 |
               +--------+--------+--------+--------+--------+-----+--------+

Top non-repeatable levels by time:
     D:3: 1309 daAuts
     D:1: 1181 daAuts
     D:2: 983 daAuts
     D:4: 362 daAuts
